 Dungeon Crawl Stone Soup version 0.16-a0-3807-g3748f16 (console) character file.

70 MrRokkomies the Chucker (level 4, -2/48 HPs)
             Began as an Ogre Hunter on Jan 28, 2015.
             Was an Initiate of Dithmenos.
             Slain by a giant gecko (3 damage)
             ... on level 2 of the Dungeon.
             The game lasted 00:09:32 (1966 turns).

MrRokkomies the Chucker (Ogre Hunter)               Turns: 1966, Time: 00:09:32

Health: -2/48      AC:  3    Str: 17      XL:     4   Next: 22%
Magic:  4/4        EV: 10    Int: 15      God:    Dithmenos [......]
Gold:   45         SH:  0    Dex:  9 (11) Spells: 0 memorised, 3 levels left

rFire  . . .     SeeInvis .     a - +0 whip
rCold  . . .     Clarity  .     d - +0 animal skin
rNeg   . . .     SustAb   .     (shield restricted)
rPois  .         Gourm    .     (helmet restricted)
rElec  .         Spirit   .     (no cloak)
rCorr  .         Warding  .     (gloves unavailable)
rMut   .         Stasis   .     (boots unavailable)
MR     .....                    (no amulet)
Stlth  +.........               (no ring)
                                (no ring)

@: brilliant, not resistant to hostile enchantments, very unstealthy
A: unfitting armour, tough skin 1
a: Renounce Religion


You were on level 2 of the Dungeon.
You worshipped Dithmenos.
Dithmenos was noncommittal.
You were hungry.

You visited 1 branch of the dungeon, and saw 2 of its levels.

You collected 45 gold pieces.

Inventory:

Hand weapons
 a - a +0 whip (weapon)
Missiles
 b - a large rock (quivered)
 c - 2 throwing nets
 k - 27 stones
Armour
 d - a +0 animal skin (worn)
Scrolls
 e - a scroll of teleportation
 g - a scroll of remove curse
 i - a scroll of fear
Potions
 m - a potion of curing {unknown}
 n - a potion of might {unknown}
 p - a potion of cure mutation {unknown}
Comestibles
 f - 3 meat rations


   Skills:
 * Level 3.7 Fighting
 * Level 0.6 Maces & Flails
 - Level 5.1 Throwing
 + Level 2.5 Dodging
 - Level 0.7 Stealth


You had 3 spell levels left.
You didn't know any spells.

Dungeon Overview and Level Annotations

Branches:
Dungeon (2/15)

Altars:
Dithmenos


Innate Abilities, Weirdness & Mutations

You are too large for most types of armour.
You have tough skin (AC +1).


Message History

The large rock hits the worm!
The worm is heavily wounded.
The giant gecko closely misses you.
b - a large rock The giant gecko bites you but does no damage.
The giant gecko bites you.
* * * LOW HITPOINT WARNING * * *
Drink which item? (? for menu, Esc to quit)
It was a potion of degeneration.
There was something very wrong with that liquid.
You feel clumsy.
* * * LOW HITPOINT WARNING * * *
You feel sick.
You are no longer poisoned.
The giant gecko misses you.
Drink which item? (? for menu, Esc to quit)
It was a potion of brilliance.
You feel clever all of a sudden. The giant gecko bites you.
You die...

............# #.# #.#
.............# #.# #.#
.............#####.# #.#
...................# #.#
...............###..# #.#
......>..#####.# #..# #.#
.........#####.# #..# #.#
............##.# #..# #.#
...(...........# #..#####.###
.....####...######........#.#
.............@lw(#.#####..#.#
############...####.#.#......#.#
........# #...# #.#.#.###†##.#
.#.####.####...# #w#.#......#.#
.#.#...........# #.#.########.#
.#.#...........# #.#..........#
.#.#........#### #.#..#######.#
.#.#........#######.#..# ###
.#.##...###.......†....#########
.#.##...# #.....................
.#.##...# #...........##########


You could see a worm and a giant gecko.

Vanquished Creatures
  3 adders (D:2)
  A worm (D:2)
  An ooze (D:2)
  5 hobgoblins
  5 jackals
  4 kobolds
  7 bats
  2 giant newts
  5 goblins
  7 rats (D:1)
40 creatures vanquished.

Notes
Turn   | Place    | Note
--------------------------------------------------------------
     0 | D:1      | MrRokkomies, the Ogre Hunter, began the quest for the Orb.
     0 | D:1      | Reached XP level 1. HP: 22/22 MP: 1/1
   190 | D:1      | Reached XP level 2. HP: 7/29 MP: 2/2
   438 | D:1      | Reached skill level 5 in Throwing
   883 | D:1      | Reached XP level 3. HP: 33/37 MP: 3/3
  1195 | D:2      | Found a shadowy altar of Dithmenos.
  1204 | D:2      | Became a worshipper of Dithmenos the Shadowed
  1769 | D:2      | Reached XP level 4. HP: 23/46 MP: 4/4
  1964 | D:2      | HP: 2/48 [giant gecko (3)]
  1966 | D:2      | Slain by a giant gecko

Action                   |  1- 3 |  4- 6 || total
-------------------------+-------+-------++-------
Melee: Short sword       |    89 |       ||    89
       Club              |     5 |       ||     5
       Whip              |    86 |    23 ||   109
Throw: Stone             |     6 |       ||     6
       Large rock        |       |     9 ||     9
  Use: Scroll            |     6 |       ||     6
       Potion            |       |     3 ||     3
 Stab: Sleeping          |     4 |       ||     4
  Eat: Chunk             |     2 |     1 ||     3
